 Dungeon Crawl Stone Soup version 0.28.0-45-g0d030f2227 (webtiles) character file.

Game seed: 12711442995414133034

39 McKennaii the Shield-Bearer (level 3, -2/31 HPs)
             Began as a Demigod Fighter on Apr 20, 2022.
             Killed from afar by an orc wizard (10 damage)
             ... with a puff of flame
             ... on level 2 of the Dungeon.
             The game lasted 00:00:54 (1015 turns).

McKennaii the Shield-Bearer (Demigod Fighter)       Turns: 1015, Time: 00:00:55

Health: -2/31      AC:  7    Str: 21    XL:     3   Next: 13%
Magic:  5/5        EV:  9    Int: 10    God:
Gold:   41         SH:  0    Dex: 13    Spells: 2/2 levels left

rFire   . . .      SeeInvis .   a - +0 trident
rCold   . . .      Faith    .   c - +0 buckler
rNeg    . . .      Spirit   .   b - +0 scale mail
rPois   .          Reflect  .   h - +0 helmet
rElec   .          Harm     .   (no cloak)
rCorr   .          Rampage  .   (no gloves)
Will    .....                   (no boots)
Stlth   ..........              (no amulet)
HPRegen 0.10/turn               (no ring)
MPRegen 0.09/turn               (no ring)

@: confused
A: high MP 1, forlorn, divine attributes
a: no special abilities


You were on level 2 of the Dungeon.
You visited 1 branch of the dungeon, and saw 2 of its levels.

You collected 41 gold pieces.

Inventory:

Hand Weapons
 a - a +0 trident (weapon)
Armour
 b - a +0 scale mail (worn)
 c - a +0 buckler (worn)
 h - a +0 helmet (worn)
Scrolls
 e - a scroll of immolation {unknown}
 f - a scroll of blinking {unknown}
 g - a scroll of identify {unknown}
 j - a scroll of vulnerability {unknown}
 k - a scroll of magic mapping {unknown}
Potions
 d - 2 potions of might
 i - a potion of magic {unknown}


   Skills:
 + Level 3.0 Fighting
 + Level 2.2 Polearms
 + Level 3.0 Armour
 + Level 3.1 Shields


You had 2 spell levels left.
You didn't know any spells.
Your spell library was empty.

Dungeon Overview and Level Annotations

Branches:
Dungeon (2/15)

Shops:
D:1 !


Innate Abilities, Weirdness & Mutations

You have an increased reservoir of magic. (+10% MP)
You shall have no god before yourself.
Your divine heritage dramatically boosts your attributes as you level up.


Message History

You puncture the orc wizard!
The orc wizard is severely wounded.
The orc wizard hits you with a +0 dagger.
The orc completely misses you.
You hit the orc wizard.
The orc wizard is almost dead.
The orc wizard closely misses you. The orc barely misses you.
You hit the orc wizard but do no damage.
The orc wizard is almost dead.
The orc wizard casts a spell at you.
The magic dart hits you but does no damage.
The orc hits you with a +2 dagger of protection.
The orc wizard gestures at you while chanting.
You are confused.
You closely miss the orc wizard.
The orc wizard is almost dead.
The orc hits you with a +2 dagger of protection.
The orc wizard mumbles some strange words.
The orc wizard flickers and vanishes!
Deactivating autopickup; reactivate with Ctrl-A.
You're too confused to move!
The orc hits you but does no damage.
You hear some strange, mumbled words.
You are more confused.
Unknown command.
You bump into the rock wall.
The orc hits you with a +2 dagger of protection.
Something hits you but does no damage.
You completely miss something.
The orc hits you with a +2 dagger of protection.
Something hits you but does no damage.
The orc hits you with a +2 dagger of protection.
You miss something. Something completely misses you. The orc misses you.
You bump into the rock wall.
Something hits you.
The orc hits you with a +2 dagger of protection.
* * * LOW HITPOINT WARNING * * *
You miss something.
You hear some strange, mumbled words.
A puff of flame appears from out of thin air!
The puff of flame hits you!
You die...

###..# #.....#
.....######## #.....#
###.#........
......### #
#.#.##########........
# #.#.# #..†....#
#.#.# #†#)#####
#.#.########.#.#
#............#o#
###.##########@# ...)
#{# ####.# #o. .# ####
.# .# .#


You could see 2 orcs.

Vanquished Creatures
  Robin (D:2)
  An orc (D:2)
  A bat (D:1)
  An endoplasm (D:1)
  2 giant cockroaches (D:1)
  10 goblins
  2 hobgoblins (D:2)
  A quokka (D:1)
  2 ball pythons (D:1)
  2 rats (D:2)
23 creatures vanquished.

Notes
Turn   | Place    | Note
-------+----------+-------------------------------------------
     0 | D:1      | McKennaii the Demigod Fighter began the quest for the Orb.
     0 | D:1      | Reached XP level 1. HP: 18/18 MP: 3/3
   341 | D:1      | Found Lara's Distillery.
   639 | D:1      | Reached XP level 2. HP: 25/25 MP: 4/4
   758 | D:2      | Noticed Robin
   910 | D:2      | Killed Robin
   923 | D:2      | Reached XP level 3. HP: 31/31 MP: 5/5
  1015 | D:2      | Killed from afar by an orc wizard

Illustrated notes

Levels and vault maps discovered:
D:1:      lemuel_arrival_tunnels, layout_basic, serial_shops, shop
D:2:      layout_loops_ring, basic_ecumenical_altar, uniq_natasha, uniq_robin

Skill      XL: |  1  2 |
---------------+-------+-----
Polearms       | 2 |  2.2
Fighting       | 3 |  3.0
Armour         | 3 |  3.0
Shields        | 3 |  3.1

Action                   || total
-------------------------++-------
Melee: Trident           ||    87
Armor: Scale mail        ||    25
Dodge: Dodged            ||    42
Block: Buckler           ||    17
